 Dungeon Crawl Stone Soup version 0.20.1-1-g8b1a95d (webtiles) character file.

112 Ladykiller69 the Chucker (level 4, -4/42 HPs)
             Began as a Troll Hunter on July 21, 2017.
             Was a Follower of Cheibriados.
             Slain by Oddysee's ghost (15 damage)
             ... on level 3 of the Dungeon.
             The game lasted 00:06:19 (2046 turns).

Ladykiller69 the Chucker (Troll Hunter)             Turns: 2046, Time: 00:06:20

Health: -4/42      AC:  5    Str: 22    XL:     4   Next: 64%
Magic:  0/3        EV: 10    Int:  9    God:    Cheibriados [*.....]
Gold:   76         SH:  0    Dex: 13    Spells: 3/3 levels left

rFire    . . .     SeeInvis .     - Unarmed
rCold    . . .     Gourm    +   (no shield)
rNeg     . . .     Faith    .   b - +0 robe
rPois    .         Spirit   .   (helmet restricted)
rElec    .         Reflect  .   (no cloak)
rCorr    .         Harm     .   (gloves unavailable)
MR       .....                  (boots unavailable)
Stlth    +.........             (no amulet)
Regen    0.6/turn               (no ring)
MPRegen  0.1/turn               (no ring)

@: very slow
A: unfitting armour, claws 3, fast metabolism 3, gourmand, regeneration 1,
shaggy fur 1, tough skin 2
a: Bend Time, Renounce Religion


You were on level 3 of the Dungeon.
You worshipped Cheibriados.
Cheibriados was aware of your devotion.
You were very full.

You visited 1 branch of the dungeon, and saw 3 of its levels.

You collected 76 gold pieces.

Inventory:

Hand Weapons
 a - a +0 short sword
Missiles
 c - 5 large rocks
 d - 2 throwing nets
 e - 35 stones (quivered)
Armour
 b - a +0 robe (worn)
Jewellery
 o - a +2 ring of strength {unknown}
Wands
 p - a wand of polymorph (14/24)
 q - a wand of flame (7/48)
Scrolls
 i - 2 scrolls of identify {unknown}
 k - 3 scrolls of teleportation {unknown}
 m - a scroll of random uselessness {unknown}
 n - 2 scrolls of remove curse {unknown}
Comestibles
 f - 6 bread rations
 g - a fruit
 j - 3 meat rations
 l - a royal jelly


   Skills:
 + Level 2.2 Fighting
 + Level 4.2 Throwing
 + Level 2.2 Dodging
 - Level 0.3 Stealth
 * Level 2.2 Unarmed Combat


You had 3 spell levels left.
You didn't know any spells.

Dungeon Overview and Level Annotations

Branches:
Dungeon (3/15)

Altars:
Cheibriados
Elyvilon
Sif Muna
The Shining One

Annotations:
D:3 Oddysee's ghost, weakling MiFi


Innate Abilities, Weirdness & Mutations

You are too large for most types of armour.
You have claws for hands.
Your metabolism is lightning-fast.
You like to eat raw meat.
Your natural rate of healing is unusually fast.
You are covered in fur. (AC +1)
You have very tough skin. (AC +2)


Message History

Oddysee's ghost seems to slow down.
You feel slightly less full.
You scratch Oddysee's ghost but do no damage.
Oddysee's ghost is lightly damaged.
Oddysee's ghost hits you!
You scratch Oddysee's ghost but do no damage.
Oddysee's ghost is lightly damaged.
Oddysee's ghost hits you!
* * * LOW HITPOINT WARNING * * *
You scratch Oddysee's ghost but do no damage.
Oddysee's ghost is lightly damaged.
It was a potion of curing.
You feel better. Oddysee's ghost hits you!
* * * LOW HITPOINT WARNING * * *
You feel better.
Oddysee's ghost hits you but does no damage.
You claw Oddysee's ghost!
Oddysee's ghost is heavily damaged.
You barely miss Oddysee's ghost.
Oddysee's ghost is heavily damaged.
Oddysee's ghost hits you!
You die...

(... $.< ..$
#.< #(# ' #
#.# .. #.#
####W# ... #.#
##.##@# ....
#..
##...#.##.....
###..
#.......'.....
'....
##...#.##.....
#.. ##.##.#
....... ##.
####.# .....#
#####
#########.#
..... ..##
#........#.#
#+#.# #.#
#.##....###.#
#.#.# #.#


You could see Oddysee's ghost.

Vanquished Creatures
  4 adders (D:2)
  4 worms
  5 dart slugs
  A leopard gecko (D:1)
  A ball python (D:2)
  4 giant cockroaches
  10 goblins
  5 hobgoblins
  5 kobolds (D:1)
  A quokka (D:3)
  6 bats
  3 frilled lizards
  6 rats
55 creatures vanquished.

Notes
Turn   | Place    | Note
-------+----------+-------------------------------------------
     0 | D:1      | Ladykiller69 the Troll Hunter began the quest for the Orb.
     0 | D:1      | Reached XP level 1. HP: 19/19 MP: 0/0
   168 | D:1      | Reached skill level 1 in Unarmed Combat
   168 | D:1      | Reached XP level 2. HP: 28/28 MP: 1/1
   508 | D:1      | Found a snail-covered altar of Cheibriados.
   543 | D:1      | Became a worshipper of Cheibriados the Contemplative
   757 | D:2      | Reached XP level 3. HP: 33/35 MP: 2/2
   784 | D:2      | Reached skill level 4 in Throwing
   896 | D:2      | Found a glowing golden altar of the Shining One.
  1137 | D:2      | Reached XP level 4. HP: 36/42 MP: 3/3
  1161 | D:2      | Reached * piety under Cheibriados
  1234 | D:2      | Found a deep blue altar of Sif Muna.
  1763 | D:3      | Found a white marble altar of Elyvilon.
  2032 | D:3      | Noticed Oddysee's ghost (weakling MiFi)
  2043 | D:3      | HP: 1/42 [Oddysee's ghost (11)]
  2046 | D:3      | Slain by Oddysee's ghost

Skill      XL: |  1  2  3  4 |
---------------+-------------+-----
Unarmed Combat | 1 2 |  2.2
Dodging        | 2 |  2.2
Throwing       | 4 |  4.2
Fighting       | 2 |  2.2
Stealth        | |  0.3

Action                   |  1- 3 |  4- 6 || total
-------------------------+-------+-------++-------
Melee: Unarmed           |    81 |    60 ||   141
       Punch             |       |     1 ||     1
Throw: Stone             |    28 |    32 ||    60
Invok: Bend Time         |       |     1 ||     1
  Use: Potion            |       |     2 ||     2
 Stab: Sleeping          |     1 |       ||     1
  Eat: Chunk             |    14 |     6 ||    20
Armor: Robe              |    34 |    21 ||    55
Dodge: Dodged            |    33 |    26 ||    59
